 Dungeon Crawl Stone Soup version 0.26-a0-30-g56b8cd3df0 (webtiles) character file.

Game seed: 17717779551888651703, levelgen mode: deterministic

275 Lanoc the Conjurer (level 6, 0/41 HPs)
             Began as a Demonspawn Conjurer on May 30, 2020.
             Succumbed to a worker ant's poison
             ... on level 4 of the Dungeon.
             The game lasted 00:05:31 (3836 turns).

Lanoc the Conjurer (Demonspawn Conjurer)            Turns: 3836, Time: 00:05:31

Health: 0/41       AC:  4    Str: 10    XL:     6   Next: 3%
Magic:  1/9        EV: 13    Int: 17    God:
Gold:   94         SH:  0    Dex: 13    Spells: 6/9 levels left

rFire    . . .     SeeInvis .   (no weapon)
rCold    . . .     Gourm    .   (no shield)
rNeg     . . .     Faith    .   a - +0 robe
rPois    .         Spirit   .   (no helmet)
rElec    .         Reflect  .   (no cloak)
rCorr    .         Harm     .   (no gloves)
MR       .....                  (no boots)
Stlth    ++........             (no amulet)
HPRegen  0.13/turn              (no ring)
MPRegen  0.11/turn              (no ring)

@: brilliant, lethally poisoned (0 -> -13), hasted, very quick
A: claws 2, slimy green scales 1, rot immunity
a: no special abilities


You were on level 4 of the Dungeon.
You were hungry.

You visited 1 branch of the dungeon, and saw 4 of its levels.

You collected 94 gold pieces.

Inventory:

Armour
 a - a +0 robe (worn)
Scrolls
 d - 5 scrolls of remove curse
 i - a scroll of teleportation {unknown}
Potions
 e - a potion of haste
 f - a potion of cancellation
Comestibles
 b - a chunk of flesh
 c - 4 rations


   Skills:
 + Level 3.5 Dodging
 - Level 1.7 Stealth
 - Level 2.0 Spellcasting
 * Level 6.4 Conjurations


You had 6 spell levels left.
You knew the following spells:

 Your Spells              Type           Power        Failure   Level  Hunger
a - Magic Dart            Conj           ####         1%          1    None
b - Searing Ray           Conj           #####.       1%          2    None

Your spell library contained the following spells:

 Spells                   Type           Power        Failure   Level  Hunger
 Dazzling Flash           Conj/Hex       ###...       16%         3    None
 Fulminant Prism          Conj/Hex       ###.......   45%         4    None
 Iskenderun's Mystic Bla  Conj/Tloc      ###.....     45%         4    None


Dungeon Overview and Level Annotations

Branches:
Dungeon (3/15)

Altars:
Yredelemnul

Annotations:
D:3 Grinder


Innate Abilities, Weirdness & Mutations

You have very sharp fingernails.
You are partially covered in slimy green scales. (AC +2)
You are immune to rotting.


Message History

Your experience leads to an increase in your attributes!
Increase (S)trength, (I)ntelligence, or (D)exterity?
You feel stronger.
Your demonic ancestry asserts itself...
Slimy green scales grow over part of your body.
* * * LOW HITPOINT WARNING * * *
You feel sick.
It was a potion of haste.
You feel yourself speed up.
* * * LOW HITPOINT WARNING * * *
You feel sick.
It was a potion of brilliance.
You feel clever all of a sudden.
* * * LOW HITPOINT WARNING * * *
You feel sick.
* * * LOW HITPOINT WARNING * * *
You feel sick.
* * * LOW HITPOINT WARNING * * *
You feel sick.
* * * LOW HITPOINT WARNING * * *
You feel sick.
You die...

### ## .... #.#
.# .... #.# ..#
....###.# ...#
#....##.##...# #.
#.##.#....
#.##......#
..#...@.###.#
#.#...........
#.#.....#.....
#...........##
#.............
#................
####.........##.#
)...#....##
............


There were no monsters in sight!

Vanquished Creatures
  A phantom (D:3)
  A scorpion (D:4)
  A worker ant (D:4)
  Robin (D:2)
  3 adders
  3 oozes
  A worm (D:2)
  2 leopard geckos (D:2)
  13 goblins
  7 hobgoblins
  A quokka (D:2)
  9 bats
  A frilled lizard (D:3)
  11 kobolds
  6 rats
61 creatures vanquished.

Notes
Turn   | Place    | Note
-------+----------+-------------------------------------------
     0 | D:1      | Lanoc the Demonspawn Conjurer began the quest for the Orb.
     0 | D:1      | Reached XP level 1. HP: 13/13 MP: 3/3
   686 | D:1      | Gained mutation: You have sharp fingernails. [demonic
                  | ancestry]
   686 | D:1      | Reached XP level 2. HP: 18/19 MP: 0/5
  1348 | D:2      | Learned a level 2 spell: Searing Ray
  1473 | D:2      | Gained mutation: You are immune to rotting. [demonic
                  | ancestry]
  1473 | D:2      | Reached XP level 3. HP: 24/24 MP: 2/6
  2186 | D:2      | Reached skill level 5 in Conjurations
  2463 | D:2      | Noticed Robin
  2478 | D:2      | Gained mutation: You have very sharp fingernails. [demonic
                  | ancestry]
  2478 | D:2      | Reached XP level 4. HP: 28/30 MP: 2/7
  2756 | D:2      | Killed Robin
  3280 | D:3      | Noticed Grinder
  3296 | D:3      | Paralysed by Grinder for 2 turns
  3553 | D:3      | Found a basalt altar of Yredelemnul.
  3694 | D:3      | Noticed a phantom
  3712 | D:3      | Killed a phantom
  3712 | D:3      | Reached skill level 6 in Conjurations
  3712 | D:3      | Reached XP level 5. HP: 25/35 MP: 0/8
  3815 | D:3      | You fall into a shaft and drop 1 floor!
  3830 | D:4      | Gained mutation: You are partially covered in slimy green
                  | scales. (AC +2) [demonic ancestry]
  3830 | D:4      | Reached XP level 6. HP: 8/41 MP: 0/9
  3834 | D:4      | HP: 2/41 [poisoned by a worker ant]
  3836 | D:4      | Succumbed to a worker ant's poison

Illustrated notes

Levels and vault maps discovered:
D:1:      sevenhm_arrival_forest_fort_small_5, layout_basic
D:2:      layout_loops_corners, minmay_goblin_kobold_house, uniq_robin
D:3:      layout_rooms, lemuel_crystal_altar, serial_curves, eino_curves_03,
          eino_curves_02, uniq_grinder
D:4:      layout_rooms, guppyfry_shop_venom

Skill      XL: |  1  2  3  4 |
---------------+-------------+-----
Dodging        | 2 3 |  3.5
Conjurations   | 5 6 |  6.4
Stealth        | |  1.7
Spellcasting   | |  2.0

Action                   |  1- 3 |  4- 6 || total
-------------------------+-------+-------++-------
Melee: Unarmed           |    37 |    27 ||    64
 Cast: Magic Dart        |    72 |    29 ||   101
       Searing Ray       |     2 |     5 ||     7
  Use: Scroll            |       |     3 ||     3
       Potion            |       |     2 ||     2
  Eat: Chunk             |     3 |     4 ||     7
       Ration            |     1 |       ||     1
Armor: Robe              |     6 |     2 ||     8
Dodge: Dodged            |    26 |    16 ||    42

Table legend:
 A = Non-vault XP
 B = Vault XP
 C = Vault XP percentage of total XP
 D = Non-vault monster count
 E = Vault monster count
 F = Vault count percentage of total count
                 A         B        C        D         E       F
            +---------+---------+-------+---------+---------+-------
      Total |     351 |      43 |  10.9 |      44 |      17 |  27.9
            +---------+---------+-------+---------+---------+-------
        D:1 |      25 |       0 |   0.0 |      14 |       0 |   0.0
        D:2 |      62 |      43 |  41.0 |      16 |      17 |  51.5
        D:3 |     161 |       0 |   0.0 |      12 |       0 |   0.0
        D:4 |     103 |       0 |   0.0 |       2 |       0 |   0.0
            +---------+---------+-------+---------+---------+-------
